EVO
UNIVERSITY OF TORONTO MARLIES @ UNIVERSITY OF SOUTH CAROLINA GAMECOCKS
08/27/2044
 
TOP OF THE 1ST
University of Toronto Marlies batting - Pitching for University of South Carolina Gamecocks : RHP Matt Moore
Pitching: RHP Matt Moore
Batting: LHB Jonathan Roman 0-0: Ball
1-0: Called Strike
1-1: Ground out 4-3 (Groundball, 4MD, EV 78.8 MPH)
Batting: RHB Leo Gutierrez 0-0: Called Strike
0-1: SINGLE (Line Drive, 8RS, EV 89.4 MPH)
Batting: RHB Elijah Hunter 0-0: Called Strike
0-1: Ball
Wild Pitch!
Leo Gutierrez to second
1-1: Foul Ball, location: 2F
1-2: Ball
2-2: Ball
3-2: Fly out, F8 (Flyball, 89S, EV 95.0 MPH)
Batting: RHB Rich Thurman 0-0: Ball
1-0: Called Strike
1-1: Swinging Strike
1-2: Ball
2-2: Ball
3-2: Base on Balls
Batting: RHB Masaru Konno 0-0: Ball
1-0: Fly out, F4 (Popup, 34D, EV 45.0 MPH)
Top of the 1st over - 0 runs, 1 hit, 0 errors, 2 left on base; University of Toronto 0 - University of South Carolina 0
BOTTOM OF THE 1ST
University of South Carolina Gamecocks batting - Pitching for University of Toronto Marlies : RHP Tom Moore
Pitching: RHP Tom Moore
Batting: SHB Willie Medina 0-0: Ball
1-0: Ball
2-0: Ground out U3 (Groundball, 34, EV 85.0 MPH)
Batting: SHB Isaiah Scates 0-0: Called Strike
0-1: Swinging Strike
0-2: Foul Ball, location: 2F
0-2: SINGLE (Flyball, 4MD, EV 85.0 MPH)
Batting: RHB Kevin Harris 0-0: Called Strike
0-1: SINGLE (Line Drive, 9S, EV 106.9 MPH)
Isaiah Scates to second
Batting: RHB Tylor Cyr 0-0: Ball
1-0: Ball
2-0: Ball
3-0: Base on Balls
Isaiah Scates to third
Kevin Harris to second
Batting: RHB Dave Perron 0-0: Ball
1-0: Called Strike
1-1: Swinging Strike
1-2: Ball
2-2: Foul Ball, location: 2F
2-2: Ball
3-2: SINGLE (Groundball, 4MD, EV 81.9 MPH) (infield hit)
Isaiah Scates scores
Kevin Harris to third
Tylor Cyr to second
Batting: RHB Mike McElroy 0-0: Ball
1-0: DOUBLE (Groundball, 5L, EV 105.6 MPH)
Kevin Harris scores
Tylor Cyr scores
Dave Perron to third
Batting: RHB Kevin Popowicz 0-0: Called Strike
0-1: Ball
1-1: Ball
2-1: Foul Ball, location: 2F
2-2: Foul Ball, location: 2F
2-2: Ball
3-2: Strikes out looking
Batting: RHB Adam Bourg 0-0: Called Strike
0-1: Ground out 6-3 (Groundball, 6, EV 86.9 MPH)
Bottom of the 1st over - 3 runs, 4 hits, 0 errors, 2 left on base; University of Toronto 0 - University of South Carolina 3
TOP OF THE 2ND
University of Toronto Marlies batting - Pitching for University of South Carolina Gamecocks : RHP Matt Moore
Batting: LHB Chris Williams 0-0: Ball
1-0: Ball
2-0: Called Strike
2-1: Ball
3-1: Called Strike
3-2: Foul Ball, location: 2F
3-2: Fly out, F8 (Flyball, 8RXD, EV 98.1 MPH)
Batting: RHB Dan Allred 0-0: Called Strike
0-1: Called Strike
0-2: Ball
1-2: Fly out, F8 (Flyball, 8LS, EV 85.6 MPH)
Batting: RHB Steve Terres 0-0: Ball
1-0: Ball
2-0: Ball
3-0: Called Strike
3-1: Foul Ball, location: 2F
3-2: Base on Balls
Batting: RHB Francisco Marin 0-0: Called Strike
0-1: Ground out 5-3 (Groundball, 56S, EV 89.4 MPH)
Top of the 2nd over - 0 runs, 0 hits, 0 errors, 1 left on base; University of Toronto 0 - University of South Carolina 3
BOTTOM OF THE 2ND
University of South Carolina Gamecocks batting - Pitching for University of Toronto Marlies : RHP Tom Moore
Batting: RHB Chris Arroyo 0-0: Ball
1-0: Foul Ball, location: 2F
1-1: Ball
2-1: Foul Ball, location: 2F
2-2: Fly out, F9 (Flyball, 9S, EV 90.6 MPH)
Batting: SHB Willie Medina 0-0: Ball
1-0: Called Strike
1-1: Ball
2-1: Foul Ball, location: 2F
2-2: Ball
3-2: Base on Balls
Batting: SHB Isaiah Scates 0-0: Ball
Willie Medina steals 2nd base
1-0: Foul Ball, location: 2F
1-1: Ball
2-1: Foul Ball, location: 2F
2-2: Fly out, F7 (Line Drive, 7, EV 89.4 MPH)
Batting: RHB Kevin Harris 0-0: Foul Ball, location: 2F
0-1: Ball
1-1: Fly out, F9 (Flyball, 9LS, EV 89.4 MPH)
Bottom of the 2nd over - 0 runs, 0 hits, 0 errors, 1 left on base; University of Toronto 0 - University of South Carolina 3
TOP OF THE 3RD
University of Toronto Marlies batting - Pitching for University of South Carolina Gamecocks : RHP Matt Moore
Batting: LHB Jonathan Roman 0-0: Called Strike
0-1: Foul Ball, location: 2F
0-2: Foul Ball, location: 2F
0-2: Ball
1-2: SINGLE (Groundball, 6MD, EV 103.8 MPH)
Batting: RHB Leo Gutierrez 0-0: Ball
1-0: Called Strike
1-1: Fly out, F9 (Flyball, 9S, EV 80.0 MPH)
Batting: RHB Elijah Hunter 0-0: Ball
1-0: Ball
2-0: Fly out, F8 (Flyball, 8LM, EV 84.4 MPH)
Batting: RHB Rich Thurman 0-0: Ball
Jonathan Roman steals 2nd base (no throw)
1-0: Ball
2-0: Foul Ball, location: 2F
2-1: Ball
3-1: Foul Ball, location: 2F
3-2: Ground out 6-3 (Groundball, 6S, EV 61.3 MPH)
Top of the 3rd over - 0 runs, 1 hit, 0 errors, 1 left on base; University of Toronto 0 - University of South Carolina 3
BOTTOM OF THE 3RD
University of South Carolina Gamecocks batting - Pitching for University of Toronto Marlies : RHP Tom Moore
Batting: RHB Tylor Cyr 0-0: Ball
1-0: Ball
2-0: Ball
3-0: Called Strike
3-1: Swinging Strike
3-2: Strikes out swinging
Batting: RHB Dave Perron 0-0: Called Strike
0-1: Swinging Strike
0-2: Ball
1-2: SOLO HOME RUN (Flyball, 7LD, EV 94.4 MPH), Distance : 359 ft
Batting: RHB Mike McElroy 0-0: Ball
1-0: SINGLE (Line Drive, 78M, EV 105.0 MPH)
Batting: RHB Kevin Popowicz 0-0: Called Strike
Mike McElroy steals 2nd base
0-1: Ball
1-1: SINGLE (Groundball, 4D, EV 105.6 MPH)
Mike McElroy to third
Runner from 3rd tries for Home, SAFE, throw by CF to home
Pitching: RHP Si-dao Xia
Batting: RHB Adam Bourg 0-0: Called Strike
0-1: Fly out, F7 (Flyball, 7S, EV 93.8 MPH)
Batting: RHB Chris Arroyo 0-0: Ball
1-0: Called Strike
1-1: Fly out, F2 (Popup, 23F, EV 80.0 MPH)
Bottom of the 3rd over - 2 runs, 3 hits, 0 errors, 1 left on base; University of Toronto 0 - University of South Carolina 5
TOP OF THE 4TH
University of Toronto Marlies batting - Pitching for University of South Carolina Gamecocks : RHP Matt Moore
Batting: RHB Masaru Konno 0-0: Foul Ball, location: 2F
0-1: Ball
1-1: Swinging Strike
1-2: SINGLE (Line Drive, 9S, EV 90.0 MPH)
Batting: LHB Chris Williams 0-0: Called Strike
Masaru Konno is caught stealing 2nd base 2-6
0-1: Ball
1-1: Swinging Strike
1-2: Ball
2-2: Foul Ball, location: 2F
2-2: Strikes out swinging
Batting: RHB Dan Allred 0-0: Called Strike
0-1: Ball
1-1: Ground out 5-3 (Groundball, 56, EV 88.8 MPH)
Top of the 4th over - 0 runs, 1 hit, 0 errors, 0 left on base; University of Toronto 0 - University of South Carolina 5
BOTTOM OF THE 4TH
University of South Carolina Gamecocks batting - Pitching for University of Toronto Marlies : RHP Si-dao Xia
Batting: SHB Willie Medina 0-0: DOUBLE (Flyball, 9D, EV 82.5 MPH)
Batting: SHB Isaiah Scates 0-0: Ball
1-0: Ground out 4-3 (Groundball, 4, EV 105.0 MPH)
Willie Medina to third
Batting: RHB Kevin Harris 0-0: Foul Ball, location: 2F
0-1: DOUBLE (Groundball, 5L, EV 100.6 MPH)
Willie Medina scores
Batting: RHB Tylor Cyr 0-0: Called Strike
0-1: Foul Ball, location: 2F
0-2: Foul Ball, location: 2F
0-2: Ball
1-2: Ground out 6-3 (Groundball, 6, EV 83.1 MPH)
Batting: RHB Dave Perron 0-0: Called Strike
0-1: Ball
1-1: Called Strike
1-2: Foul Ball, location: 2F
1-2: Ball
2-2: Foul Ball, location: 2F
2-2: Ball
3-2: Base on Balls
Batting: RHB Mike McElroy 0-0: Ball
1-0: Called Strike
1-1: Foul Ball, location: 2F
1-2: Fly out, F8 (Flyball, 8RD, EV 90.0 MPH)
Bottom of the 4th over - 1 run, 2 hits, 0 errors, 2 left on base; University of Toronto 0 - University of South Carolina 6
TOP OF THE 5TH
University of Toronto Marlies batting - Pitching for University of South Carolina Gamecocks : RHP Matt Moore
Batting: RHB Steve Terres 0-0: Ball
1-0: Swinging Strike
1-1: Called Strike
1-2: Foul Ball, location: 2F
1-2: Ball
2-2: Strikes out looking
Batting: RHB Francisco Marin 0-0: Called Strike
0-1: Swinging Strike
0-2: Foul Ball, location: 2F
0-2: Ball
1-2: Ball
2-2: Strikes out swinging
Batting: LHB Jonathan Roman 0-0: Called Strike
0-1: Called Strike
0-2: Ball
1-2: Foul Ball, location: 2F
1-2: SINGLE (Groundball, 34D, EV 106.9 MPH)
Batting: RHB Leo Gutierrez 0-0: Ground out 6-3 (Groundball, P, EV 81.3 MPH)
Top of the 5th over - 0 runs, 1 hit, 0 errors, 1 left on base; University of Toronto 0 - University of South Carolina 6
BOTTOM OF THE 5TH
University of South Carolina Gamecocks batting - Pitching for University of Toronto Marlies : RHP Si-dao Xia
Batting: RHB Kevin Popowicz 0-0: Ball
1-0: Ball
2-0: Called Strike
2-1: Ball
3-1: Base on Balls
Batting: RHB Adam Bourg 0-0: Foul Ball, location: 2F
0-1: Called Strike
0-2: Ball
1-2: Strikes out swinging
Pitching: RHP Dane Long
Batting: RHB Chris Arroyo 0-0: Ball
1-0: Called Strike
1-1: Ball
2-1: Ball
Kevin Popowicz is caught stealing 2nd base 2-4
3-1: Fly out, F8 (Flyball, 8RD, EV 104.4 MPH)
Bottom of the 5th over - 0 runs, 0 hits, 0 errors, 0 left on base; University of Toronto 0 - University of South Carolina 6
TOP OF THE 6TH
University of Toronto Marlies batting - Pitching for University of South Carolina Gamecocks : RHP Matt Moore
Pitching: LHP Kazuyoshi Miyazaki
Batting: RHB Elijah Hunter 0-0: Ball
1-0: Called Strike
1-1: Foul Ball, location: 2F
1-2: Ball
2-2: Ball
3-2: Base on Balls
Batting: RHB Rich Thurman 0-0: Ball
1-0: Foul Ball, location: 2F
1-1: Ball
2-1: Ball
3-1: DOUBLE (Line Drive, 8RD, EV 96.9 MPH)
Elijah Hunter to third
Batting: RHB Masaru Konno 0-0: Foul Ball, location: 2F
0-1: Ball
1-1: Foul Ball, location: 2F
1-2: Strikes out swinging
Batting: LHB Chris Williams 0-0: Ball
1-0: Swinging Strike
1-1: SINGLE (Groundball, 5D, EV 106.9 MPH)
Elijah Hunter scores
Rich Thurman to third
Runner from 3rd tries for Home, SAFE, throw by LF to home
Batting: RHB Dan Allred 0-0: Ball
1-0: Ball
2-0: Called Strike
2-1: Ball
3-1: Foul Ball, location: 2F
3-2: Base on Balls
Chris Williams to second
Batting: RHB Steve Terres 0-0: SINGLE (Flyball, 5D, EV 93.1 MPH)
Chris Williams to third
Dan Allred to second
Batting: RHB Francisco Marin 0-0: Ball
1-0: Ball
2-0: Swinging Strike
2-1: Ball
3-1: Called Strike
3-2: Strikes out swinging
Batting: LHB Jonathan Roman 0-0: Called Strike
0-1: Swinging Strike
0-2: Strikes out swinging
Top of the 6th over - 2 runs, 3 hits, 0 errors, 3 left on base; University of Toronto 2 - University of South Carolina 6
BOTTOM OF THE 6TH
University of South Carolina Gamecocks batting - Pitching for University of Toronto Marlies : RHP Dane Long
Batting: SHB Willie Medina 0-0: Ball
1-0: Ball
2-0: Ball
3-0: Called Strike
3-1: Base on Balls
Batting: SHB Isaiah Scates 0-0: Called Strike
0-1: Called Strike
0-2: Foul Ball, location: 2F
0-2: Ball
1-2: Ball
2-2: SINGLE (Line Drive, 8LS, EV 105.6 MPH)
Willie Medina to second
Batting: RHB Kevin Harris 0-0: Foul Ball, location: 2F
0-1: Called Strike
0-2: Ball
1-2: Strikes out looking
Batting: RHB Tylor Cyr 0-0: Fly out, F7 (Line Drive, 7, EV 96.9 MPH)
Pitching: RHP Tony Cortez
Batting: RHB Dave Perron 0-0: Ball
1-0: Swinging Strike
1-1: Foul Ball, location: 2F
1-2: Fly out, F6 (Popup, P, EV 86.9 MPH)
Bottom of the 6th over - 0 runs, 1 hit, 0 errors, 2 left on base; University of Toronto 2 - University of South Carolina 6
TOP OF THE 7TH
University of Toronto Marlies batting - Pitching for University of South Carolina Gamecocks : LHP Kazuyoshi Miyazaki
Pitching: RHP Efrain Diaz
Batting: RHB Leo Gutierrez 0-0: Ball
1-0: Swinging Strike
1-1: Swinging Strike
1-2: Ball
2-2: Foul Ball, location: 2F
2-2: Ball
3-2: Strikes out swinging
Batting: RHB Elijah Hunter 0-0: SOLO HOME RUN (Flyball, 7LD, EV 96.9 MPH), Distance : 372 ft
Batting: RHB Rich Thurman 0-0: Called Strike
0-1: Ball
1-1: Called Strike
1-2: Strikes out swinging
Batting: RHB Masaru Konno 0-0: DOUBLE (Flyball, 89XD, EV 88.1 MPH)
Batting: LHB Chris Williams 0-0: Ball
1-0: Ground out 6-3 (Groundball, 56, EV 105.6 MPH)
Top of the 7th over - 1 run, 2 hits, 0 errors, 1 left on base; University of Toronto 3 - University of South Carolina 6
BOTTOM OF THE 7TH
University of South Carolina Gamecocks batting - Pitching for University of Toronto Marlies : RHP Tony Cortez
Batting: RHB Mike McElroy 0-0: Ball
1-0: Ball
2-0: Ball
3-0: Called Strike
3-1: Called Strike
3-2: SINGLE (Flyball, 89M, EV 88.1 MPH)
Batting: RHB Kevin Popowicz 0-0: Ball
1-0: Swinging Strike
1-1: Called Strike
1-2: Strikes out swinging
Batting: RHB Adam Bourg 0-0: Ball
1-0: Foul Ball, location: 2F
1-1: Foul Ball, location: 2F
1-2: Ball
2-2: Fly out, F9 (Flyball, 89M, EV 83.8 MPH)
Batting: RHB Chris Arroyo 0-0: Ball
Mike McElroy steals 2nd base
1-0: Ball
2-0: Called Strike
Balk!
Mike McElroy to third
2-1: Ball
3-1: Base on Balls
Batting: SHB Willie Medina 0-0: Swinging Strike
0-1: Ground out 4-3 (Groundball, 4S, EV 85.6 MPH)
Bottom of the 7th over - 0 runs, 1 hit, 0 errors, 2 left on base; University of Toronto 3 - University of South Carolina 6
TOP OF THE 8TH
University of Toronto Marlies batting - Pitching for University of South Carolina Gamecocks : RHP Efrain Diaz
Batting: RHB Dan Allred 0-0: Ball
1-0: DOUBLE (Flyball, 78XD, EV 102.5 MPH)
Batting: RHB Steve Terres 0-0: Foul Ball, location: 2F
0-1: Ball
1-1: Ground out 4-3 (Groundball, 4, EV 87.5 MPH)
Dan Allred to third
Pinch Hitting: LHB Jonathon Walton 0-0: Swinging Strike
0-1: Ball
1-1: Ground out U3 (Groundball, 34, EV 93.1 MPH)
Dan Allred scores
Batting: LHB Jonathan Roman 0-0: Ball
1-0: Foul Ball, location: 2F
1-1: Ball
2-1: Ball
3-1: Foul Ball, location: 2F
3-2: Ground out 5-3 (Groundball, 56S, EV 88.1 MPH)
Top of the 8th over - 1 run, 1 hit, 0 errors, 0 left on base; University of Toronto 4 - University of South Carolina 6
BOTTOM OF THE 8TH
University of South Carolina Gamecocks batting - Pitching for University of Toronto Marlies : RHP Tony Cortez
Now at 1B: Jonathon Walton
Batting: SHB Isaiah Scates 0-0: Swinging Strike
0-1: Fly out, F8 (Flyball, 8LD, EV 98.8 MPH)
Batting: RHB Kevin Harris 0-0: Swinging Strike
0-1: Ground out 5-3 (Groundball, 25, EV 88.1 MPH)
Batting: RHB Tylor Cyr 0-0: Ball
1-0: Ball
2-0: Ball
3-0: Base on Balls
Batting: RHB Dave Perron 0-0: Called Strike
0-1: Foul Ball, location: 2F
0-2: Strikes out swinging
Bottom of the 8th over - 0 runs, 0 hits, 0 errors, 1 left on base; University of Toronto 4 - University of South Carolina 6
TOP OF THE 9TH
University of Toronto Marlies batting - Pitching for University of South Carolina Gamecocks : RHP Efrain Diaz
Pitching: RHP Aaron Blackwell
Batting: RHB Leo Gutierrez 0-0: DOUBLE (Line Drive, 9LS, EV 105.0 MPH)
Batting: RHB Elijah Hunter 0-0: Ball
1-0: Hit by Pitch
Batting: RHB Rich Thurman 0-0: Ball
1-0: Foul Ball, location: 2F
1-1: Foul Ball, location: 2F
1-2: Ball
2-2: Fly out, F8 (Flyball, 8LM, EV 85.6 MPH)
Runner from 2nd tags up, SAFE at 3rd with throw by CF
Batting: RHB Masaru Konno 0-0: Ball
1-0: Fly out, F9 (Flyball, 89S, EV 79.4 MPH)
Batting: LHB Chris Williams 0-0: Ball
1-0: Ball
2-0: DOUBLE (Flyball, 8RD, EV 105.0 MPH)
Leo Gutierrez scores
Elijah Hunter to third
Runner from 3rd tries for Home, SAFE, no throw by CF
Batting: RHB Dan Allred 0-0: Intentional Walk
Pinch Hitting: RHB Simon Van Steenwyk 0-0: Called Strike
0-1: Ball
1-1: Swinging Strike
1-2: Strikes out looking
Top of the 9th over - 2 runs, 2 hits, 0 errors, 2 left on base; University of Toronto 6 - University of South Carolina 6
BOTTOM OF THE 9TH
University of South Carolina Gamecocks batting - Pitching for University of Toronto Marlies : RHP Tony Cortez
Pitching: RHP Dicky Goedhart
Now at C: Simon Van Steenwyk
Batting: RHB Mike McElroy 0-0: Called Strike
0-1: Foul Ball, location: 2F
0-2: Ball
1-2: Ground out 5-3 (Groundball, 56S, EV 81.9 MPH)
Pinch Hitting: LHB Adam Hill 0-0: Foul Ball, location: 2F
0-1: Ball
1-1: Called Strike
1-2: Strikes out swinging
Batting: RHB Adam Bourg 0-0: SINGLE (Line Drive, 8RS, EV 88.1 MPH)
Pinch Hitting: RHB Drew Coleman 0-0: Ball
1-0: Called Strike
1-1: Ball
2-1: Ball
3-1: Base on Balls
Adam Bourg to second
Batting: SHB Willie Medina 0-0: Called Strike
0-1: Fielders Choice at 2nd, 6-4 (Groundball, 6, EV 81.3 MPH)
Bottom of the 9th over - 0 runs, 1 hit, 0 errors, 2 left on base; University of Toronto 6 - University of South Carolina 6
TOP OF THE 10TH
University of Toronto Marlies batting - Pitching for University of South Carolina Gamecocks : RHP Aaron Blackwell
Pitching: RHP Javier Carrasco
Now at 2B: Drew Coleman
Now at 3B: Adam Hill
Batting: LHB Jonathon Walton 0-0: Called Strike
0-1: SINGLE (Groundball, 4, EV 96.3 MPH)
Batting: LHB Jonathan Roman 0-0: Reached on error, E2 (Groundball, 2L, EV 43.8 MPH)
Jonathon Walton to third
Batting: RHB Leo Gutierrez 0-0: Ball
1-0: Ball
2-0: Ball
3-0: Called Strike
3-1: Base on Balls
Batting: RHB Elijah Hunter 0-0: Foul Ball, location: 2F
0-1: Ball
1-1: Ball
2-1: Swinging Strike
2-2: Foul Ball, location: 2F
2-2: Ball
3-2: Strikes out looking
Batting: RHB Rich Thurman 0-0: Called Strike
0-1: Ball
1-1: Ball
2-1: Ball
3-1: Fly out, F7 (Flyball, 7S, EV 86.3 MPH)
Batting: RHB Masaru Konno 0-0: Foul Ball, location: 2F
0-1: Foul Ball, location: 2F
0-2: Ball
1-2: Strikes out looking
Top of the 10th over - 0 runs, 1 hit, 1 error, 3 left on base; University of Toronto 6 - University of South Carolina 6
BOTTOM OF THE 10TH
University of South Carolina Gamecocks batting - Pitching for University of Toronto Marlies : RHP Dicky Goedhart
Pitching: RHP Edwin Martinez
Batting: SHB Isaiah Scates 0-0: Ball
1-0: Ball
2-0: Swinging Strike
2-1: Ball
3-1: Foul Ball, location: 2F
3-2: Strikes out swinging
Batting: RHB Kevin Harris 0-0: Fly out, F7 (Flyball, 7, EV 88.1 MPH)
Batting: RHB Tylor Cyr 0-0: Called Strike
0-1: Ball
1-1: Swinging Strike
1-2: Strikes out looking
Bottom of the 10th over - 0 runs, 0 hits, 0 errors, 0 left on base; University of Toronto 6 - University of South Carolina 6
TOP OF THE 11TH
University of Toronto Marlies batting - Pitching for University of South Carolina Gamecocks : RHP Javier Carrasco
Batting: LHB Chris Williams 0-0: Ball
1-0: Foul Ball, location: 2F
1-1: SINGLE (Groundball, 4MD, EV 102.5 MPH)
Pitching: RHP Logan Ramsey
Batting: RHB Dan Allred 0-0: Ball
1-0: Fly out, F8 (Flyball, 8LD, EV 105.0 MPH)
Runner from 1st tags up, SAFE at 2nd
Batting: RHB Simon Van Steenwyk 0-0: Foul Ball, location: 2F
0-1: Ball
1-1: Foul Ball, location: 2F
1-2: Foul Ball, location: 2F
1-2: Strikes out swinging
Batting: LHB Jonathon Walton 0-0: Ball
1-0: Foul Ball, location: 2F
1-1: Ball
2-1: Ball
3-1: Foul Ball, location: 2F
3-2: Foul Ball, location: 2F
3-2: SINGLE (Line Drive, 8RS, EV 91.3 MPH)
Chris Williams to third
Runner from 3rd tries for Home, SAFE, throw by CF to home
Batting: LHB Jonathan Roman 0-0: Ball
1-0: Foul Ball, location: 2F
1-1: Ball
2-1: Foul Ball, location: 2F
2-2: SINGLE (Line Drive, 8RS, EV 95.6 MPH)
Jonathon Walton to second
Runner from 2nd tries for 3rd, SAFE after rundown.
Pitching: RHP Angel Pesina
Batting: RHB Leo Gutierrez 0-0: Ball
1-0: Called Strike
1-1: Ball
2-1: SINGLE (Groundball, 56D, EV 106.9 MPH)
Jonathon Walton scores
Jonathan Roman to second
Batting: RHB Elijah Hunter 0-0: Ball
1-0: Ball
2-0: Ball
3-0: Base on Balls
Jonathan Roman to third
Leo Gutierrez to second
Batting: RHB Rich Thurman 0-0: SINGLE (Flyball, 89S, EV 87.5 MPH)
Jonathan Roman scores
Leo Gutierrez to third
Elijah Hunter to second
Runner from 3rd tries for Home, SAFE, throw by RF to home
Batting: RHB Masaru Konno 0-0: Ball
1-0: Called Strike
1-1: Ball
2-1: Ground out 5-3 (Groundball, 56S, EV 77.5 MPH)
Top of the 11th over - 4 runs, 5 hits, 0 errors, 2 left on base; University of Toronto 10 - University of South Carolina 6
BOTTOM OF THE 11TH
University of South Carolina Gamecocks batting - Pitching for University of Toronto Marlies : RHP Edwin Martinez
Now at 2B: Jose Argueta
Now in RF: Dan Allred
Batting: RHB Dave Perron 0-0: Ball
1-0: Called Strike
1-1: Swinging Strike
1-2: Strikes out looking and he ARGUES THE CALL AND IS TOSSED!
Batting: RHB Mike McElroy 0-0: Ball
1-0: Swinging Strike
1-1: Foul Ball, location: 2F
1-2: Ball
2-2: Ball
3-2: Foul Ball, location: 2F
3-2: Foul Ball, location: 2F
3-2: Foul Ball, location: 2F
3-2: Base on Balls
Batting: LHB Adam Hill 0-0: Ball
1-0: Ball
2-0: Ball
3-0: Called Strike
3-1: Foul Ball, location: 2F
3-2: Strikes out looking
Pitching: RHP Jeremy Brown
Batting: RHB Adam Bourg 0-0: Ball
1-0: Ball
2-0: Called Strike
2-1: Foul Ball, location: 2F
2-2: SINGLE (Groundball, 34D, EV 106.3 MPH)
Mike McElroy to second
Batting: RHB Drew Coleman 0-0: Fly out, F8 (Flyball, 8RM, EV 99.4 MPH)
Bottom of the 11th over - 0 runs, 1 hit, 0 errors, 2 left on base; University of Toronto 10 - University of South Carolina 6
Thursday, March 31st , 2022 - OOTP Baseball 22.12 Build 89